 Dungeon Crawl Stone Soup version 0.17.1-3-g152610e (webtiles) character file.

53 grippygecko the Magician (level 3, -4/24 HPs)
             Began as a Mummy Wizard on Apr 3, 2016.
             Slain by an adder (5 damage)
             ... on level 2 of the Dungeon.
             The game lasted 00:20:13 (1866 turns).

grippygecko the Magician (Mummy Wizard)             Turns: 1866, Time: 00:20:13

Health: -4/24      AC:  2    Str: 10    XL:     3   Next: 62%
Magic:  1/8        EV: 12    Int: 18    God:
Gold:   71         SH:  0    Dex: 10    Spells: 2 memorised, 6 levels left

rFire  x . .     SeeInvis .     e - +0 club
rCold  + . .     Clarity  .     a - +0 robe
rNeg   + + +     SustAt   .     (no shield)
rPois  ∞         Gourm    .     b - +0 hat
rElec  .         Spirit   .     (no cloak)
rCorr  .         Warding  .     (no gloves)
rMut   .         Stasis   .     (no boots)
MR     .....                    (no amulet)
Stlth  ++........               (no ring)
                                (no ring)

@: very slightly contaminated, not resistant to hostile enchantments, unstealthy
A: no food or potions, fire vulnerability, cold resistance 1, negative energy
resistance 3, torment resistance, unbreathing
a: no special abilities


You were on level 2 of the Dungeon.
You were not hungry.

You visited 1 branch of the dungeon, and saw 2 of its levels.

You collected 71 gold pieces.

Inventory:

Hand Weapons
 e - a +0 club (weapon)
Missiles
 i - 8 poisoned needles
Armour
 a - a +0 robe (worn)
 b - a +0 hat (worn)
 d - a +2 ring mail of fire resistance
Jewellery
 g - a +3 ring of strength {unknown}
Scrolls
 f - 2 scrolls of teleportation {unknown}
 h - a scroll of noise {unknown}
 k - a scroll of amnesia {unknown}
 l - 3 scrolls of random uselessness {unknown}
 m - a scroll of remove curse {unknown}
Books
 c - a book of Minor Magic

   Spells                             Type                      Level
   a - Magic Dart                     Conjuration                  1
   b - Blink                          Translocation                2
   c - Call Imp                       Summoning                    2
   d - Repel Missiles                 Charms/Air                   2
   e - Slow                           Hexes                        2
   f - Conjure Flame                  Conjuration/Fire             3
   g - Mephitic Cloud                 Conjuration/Poison/Air       3
Miscellaneous
 j - a plain deck of defence


   Skills:
 + Level 2.0 Dodging
 + Level 1.6 Stealth
 + Level 3.8 Spellcasting
 + Level 1.1 Conjurations
   Level 0.7 Summonings
 + Level 1.0 Translocations


You had 6 spell levels left.
You knew the following spells:

 Your Spells              Type           Power        Failure   Level  Hunger
a - Magic Dart            Conj           #...         12%         1    N/A
b - Blink                 Tloc           N/A          14%         2    N/A

Dungeon Overview and Level Annotations

Branches:
Dungeon (2/15)

Altars:
Nemelex Xobeh


Innate Abilities, Weirdness & Mutations

You do not eat or drink.
Your flesh is vulnerable to fire.
You are immune to poison.
Your flesh is cold resistant.
You are immune to negative energy.
You are immune to unholy pain and torment.
You can survive without breathing.


Message History

The adder is severely wounded.
The adder bites you but does no damage. The adder bites you.
* * * LOW HITPOINT WARNING * * *
You hit the adder but do no damage.
The adder is severely wounded.
The adder closely misses you.
You barely miss the adder.
The adder is severely wounded.
The adder bites you.
* * * LOW HITPOINT WARNING * * *
The adder barely misses you.
You hit the adder.
The adder is almost dead.
The adder barely misses you. The adder bites you.
* * * LOW HITPOINT WARNING * * *
A bat skeleton comes into view.
You miss the adder.
The adder is almost dead.
The adder bites you.
You die...

# ##....####
#
#.##.........
#
#.......####
#
.....#...###
# ###.###.##
# ## #.# #
#.# # #.# #
#@# # #.8S#
......#
........#
#.#.#.8.# #
#.#.#). #
###.. Z..


You could see an adder and a bat skeleton (wandering).

Vanquished Creatures
  3 adders (D:2)
  2 giant geckos (D:2)
  2 bats
  A bat zombie (D:2)
  A giant cockroach (D:1)
  4 goblins (D:1)
  4 hobgoblins
  A quokka (D:2)
  2 jackals (D:2)
  3 kobolds
  3 rats
26 creatures vanquished.

Notes
Turn   | Place    | Note
--------------------------------------------------------------
     0 | D:1      | grippygecko the Mummy Wizard began the quest for the Orb.
     0 | D:1      | Reached XP level 1. HP: 13/13 MP: 4/4
   427 | D:1      | Reached XP level 2. HP: 19/19 MP: 3/6
   459 | D:1      | Learned a level 2 spell: Blink
  1037 | D:2      | Found a sparkling altar of Nemelex Xobeh.
  1130 | D:2      | Reached skill level 1 in Conjurations
  1374 | D:2      | Reached XP level 3. HP: 24/24 MP: 0/8
  1759 | D:2      | Reached skill level 1 in Translocations
  1865 | D:2      | HP: 1/24 [adder (4)]
  1866 | D:2      | Slain by an adder

Action                   || total
-------------------------++-------
Melee: Unarmed           ||    15
       Club              ||    44
 Cast: Magic Dart        ||    61
       Blink             ||     1
